 Dungeon Sprint DCSS version 0.28.0-43-g3370ac3207 (webtiles) character file.

Game seed: 4284125435126266322

1549 boopmooplesden the Fencer (level 8, -19/81 HPs)
             Began as a Minotaur Berserker on Mar 10, 2022.
             Was an Elder of Trog.
             Demolished by a boulder beetle (48 damage)
             ... in the Dungeon (Sprint II: "The Violet Keep of Menkaure").
             The game lasted 00:02:34 (1211 turns).

boopmooplesden the Fencer (Minotaur Berserker)      Turns: 1211, Time: 00:02:35

Health: -19/81     AC: 14    Str: 21 (23) XL:     8   Next: 57%
Magic:  7/7        EV: 12    Int:  4      God:    Trog [****..]
Gold:   361        SH:  0    Dex: 11      Spells: 7/7 levels left

rFire   + . .      SeeInvis .   a - +0 falchion
rCold   . . .      Faith    .   (no shield)
rNeg    . . .      Spirit   .   i - +4 scale mail of Disaster {*Corrode +Blink rF+}
rPois   .          Reflect  .   j - +2 hat
rElec   .          Harm     .   (no cloak)
rCorr   .          Rampage  .   (no gloves)
Will    .....      NoTele   +   (no boots)
Stlth   ..........              (no amulet)
HPRegen 0.23/turn               (no ring)
MPRegen 0.10/turn               (no ring)

@: on berserk cooldown, slowed, unable to read, very slow
A: horns 2, retaliatory headbutt, deterioration 2, frail 1, subdued magic 1,
inability to read while threatened
a: Renounce Religion, Evoke Blink, Berserk, Trog's Hand, Brothers in Arms


You were in the Dungeon.
You worshipped Trog.
Trog was greatly pleased with you.
You visited 1 branch You collected 729 gold pieces.
You spent 368 gold pieces at shops.

Inventory:

Hand Weapons
 a - a +0 falchion (weapon)
Armour
 b - a +0 animal skin
 i - the +4 scale mail of Disaster (worn) {*Corrode +Blink rF+}
   (You bought it in a shop in the Dungeon)

   rF:        It protects you from fire.
   +Blink:    It lets you blink.
   *Corrode:  It may corrode you when you take damage.
 j - a +2 hat (worn)
Scrolls
 h - a scroll of blinking
Potions
 c - a potion of curing
 d - a potion of heal wounds
 e - a potion of haste
 f - 2 potions of magic
 g - a potion of berserk rage


   Skills:
 + Level 14.5 Fighting
 + Level 15.0 Long Blades
 + Level 7.3 Armour
 + Level 7.4 Dodging


You had 7 spell levels left.
You didn't know any spells.
Your spell library was empty.

Dungeon Overview and Level Annotations

Branches:
Dungeon (1/1)

Altars:

Shops:
D [*:((=!?=[=:!??

Annotations:
D exclusions: ice statue and oklob plant


Innate Abilities, Weirdness & Mutations

You have a pair of horns on your head.
You reflexively headbutt those who attack you in melee.
Your body often deteriorates upon taking damage.
You are frail. (-10% HP)
Your spells are a little easier to cast, but a little less powerful.
You sometimes lose the ability to read scrolls when taking damage.


Message History

The boulder beetle stops rolling and uncurls.
A red film seems to cover your vision as you go berserk!
You feel yourself moving faster!
You feel mighty! Trog will no longer gift you weapons.
The boulder beetle completely misses you.
You slash the boulder beetle! You headbutt the boulder beetle!
The boulder beetle is moderately wounded.
You completely miss the boulder beetle.
Your headbutt misses the boulder beetle.
The boulder beetle is moderately wounded.
The boulder beetle leaps!
There is an open door, spattered with blood here.
You enter the shallow water.
Moving in this stuff is going to be slow.
You feel a strong urge to attack something.
You see here a +0 dagger.
There is an open door here.
You feel your anger nearly subside.
You are no longer berserk.
You are exhausted.
You feel yourself slow down.
The yak bellows!
The boulder beetle bites you.
You hit the boulder beetle but do no damage.
The boulder beetle is moderately wounded.
You hit the boulder beetle.
The boulder beetle is moderately wounded.
The boulder beetle bites you but does no damage.
The yak bellows!
You hit the boulder beetle.
You headbutt the boulder beetle, but do no damage.
The boulder beetle is moderately wounded.
The boulder beetle bites you.
You hit the boulder beetle but do no damage.
The boulder beetle is moderately wounded.
The boulder beetle leaps!
The boulder beetle curls into a ball and begins rolling!
The boulder beetle hits you!!!
You feel threatened and lose the ability to read scrolls!
Ouch! That really hurt!
You die...

############≈≈#+++#
###########≈≈≈....
##.......∩#≈≈≈≈.##+#
##∩.....∩.#≈≈≈≈###.###
##.∩...∩.∩#≈≈≈≈#..#..#
##∩.∩.∩.∩.#≈≈####.#.####
##...∩.∩..#≈##.###'###.#
##..∩.∩...#≈#...##.##...
##.°○○B@..'≈'###+.<.'#
##........#)#[..##.##...
#▓▓▓▓▓▓▓###≈##.###'###.#
##$YD######≈≈####...# ##
#$YY#D ##≈≈≈#.##..#
#∩P[+)? #'#≈##.#### ≈
#$$. #[#≈≈##'##≈≈§ #$..
####≈≈≈≈≈≈≈≈§ #+++#+++#§


You could see an ice dragon, a boulder beetle (rolling), an oklob plant and 3
yaks.

Vanquished Creatures
  A kobold demonologist (D)
  4 neqoxecs (D)
  Menkaure (D)
  4 necrophages (D)
  5 scorpions (D)
15 creatures vanquished.

Vanquished Creatures (others)
  A water moccasin (D)
1 creature vanquished.

Grand Total: 16 creatures vanquished

Notes
Turn   | Place    | Note
-------+----------+-------------------------------------------
     0 | D        | boopmooplesden the Minotaur Berserker began the quest for
                  | the Orb.
     0 | D        | Reached XP level 1. HP: 19/19 MP: 0/0
     1 | D        | Noticed a scorpion
     1 | D        | Noticed a scorpion
     1 | D        | Noticed a scorpion
     1 | D        | Noticed a scorpion
     5 | D        | Killed a scorpion
     6 | D        | Reached skill level 6 in Long Blades
     6 | D        | Reached XP level 2. HP: 31/31 MP: 1/1
     6 | D        | Reached XP level 3. HP: 38/38 MP: 2/2
     9 | D        | Killed a scorpion
    10 | D        | Reached skill level 8 in Long Blades
    10 | D        | Reached XP level 4. HP: 44/48 MP: 3/3
    11 | D        | Killed a scorpion
    11 | D        | Reached ** piety under Trog
    12 | D        | Reached skill level 9 in Long Blades
    12 | D        | Reached XP level 5. HP: 47/57 MP: 4/4
    85 | D        | Killed a water moccasin
   166 | D        | Noticed a necrophage
   166 | D        | Noticed a necrophage
   166 | D        | Noticed a necrophage
   166 | D        | Noticed a necrophage
   172 | D        | Killed a necrophage
   173 | D        | Reached skill level 10 in Fighting
   173 | D        | Reached skill level 10 in Long Blades
   173 | D        | Reached skill level 5 in Armour
   173 | D        | Reached skill level 5 in Dodging
   173 | D        | Reached XP level 6. HP: 67/67 MP: 5/5
   176 | D        | Reached skill level 11 in Long Blades
   179 | D        | Reached *** piety under Trog
   183 | D        | Reached skill level 12 in Long Blades
   183 | D        | Reached XP level 7. HP: 77/77 MP: 6/6
   202 | D        | Noticed a neqoxec
   202 | D        | Noticed a neqoxec
   202 | D        | Noticed a neqoxec
   202 | D        | Noticed a neqoxec
   206 | D        | Gained mutation: Your body sometimes deteriorates upon
                  | taking damage. [a neqoxec]
   208 | D        | Killed a neqoxec
   211 | D        | Gained mutation: You sometimes lose the ability to read
                  | scrolls when taking damage. [a neqoxec]
   216 | D        | Killed a neqoxec
   217 | D        | Reached skill level 13 in Long Blades
   222 | D        | Lost intelligence.
   223 | D        | Gained mutation: Your body often deteriorates upon taking
                  | damage. [a neqoxec]
   224 | D        | Gained mutation: You are frail. (-10% HP) [a neqoxec]
   226 | D        | Gained mutation: Your spells are a little easier to cast,
                  | but a little less powerful. [a neqoxec]
   229 | D        | Killed a neqoxec
   229 | D        | Reached **** piety under Trog
   234 | D        | Killed a neqoxec
   235 | D        | Reached skill level 14 in Long Blades
   235 | D        | Reached XP level 8. HP: 29/77 MP: 7/7
   441 | D        | Noticed a boulder beetle
   441 | D        | Noticed a boulder beetle
   449 | D        | Noticed an ice statue
   455 | D        | Found Vang's Jewellery Emporium.
   456 | D        | Found Con Woyr's Jewellery Emporium.
   456 | D        | Found Huoh's Magic Scroll Shoppe.
   548 | D        | Found Wotuig's Distillery.
   548 | D        | Found Fuvackakk's Distillery.
   724 | D        | Found Sodgh's Jewellery Shoppe.
   724 | D        | Found Voyh's Antique Weapon Emporium.
   724 | D        | Found Nareav's Magic Scroll Emporium.
   724 | D        | Found Muz Iturch's Antique Armour Shoppe.
   725 | D        | Found Sappuat's Book Shoppe.
   726 | D        | Found Bohed's Magic Scroll Shoppe.
   728 | D        | Noticed Menkaure
   735 | D        | Killed Menkaure
   742 | D        | Found Yluji's Antique Weapon Shoppe.
   742 | D        | Noticed an ice dragon
   742 | D        | Noticed an oklob plant
   743 | D        | Found Heppojya's Assorted Antiques.
   743 | D        | Found Ciluam's Book Shoppe.
   743 | D        | Found Uleq's Antique Armour Emporium.
   747 | D        | Noticed a fire dragon
   751 | D        | Bought a heavily runed scale mail for 207 gold pieces
   751 | D        | Identified the +4 scale mail of Disaster {*Corrode +Blink
                  | rF+} (You bought it in a shop in the Dungeon)
   761 | D        | Bought an embroidered hat for 161 gold pieces
  1044 | D        | Noticed a kobold demonologist
  1051 | D        | Killed a kobold demonologist
  1051 | D        | Reached ***** piety under Trog
  1052 | D        | Reached skill level 15 in Long Blades
  1211 | D        | Demolished by a boulder beetle

Illustrated notes

Levels and vault maps discovered:
D:        the_violet_keep_of_menkaure [sprint2_stairs_cluster_1,
          sprint2_shoproom, sprint2_temple, sprint2_basic_supplies,
          sprint2_obstacle_2, sprint2_obstacle_3, sprint2_obstacle_4,
          sprint2_obstacle_5, sprint2_obstacle_6, sprint2_timed_cluster_1,
          sprint2_smallroom_cluster_1, sprint2_smallroom_final_cluster_1,
          sprint2_transparent_cluster_1, sprint2_second_timed_cluster_1,
          sprint2_sniper_area_1, sprint2_heavy_combat_area_1,
          sprint2_mutation_trap_area_1, sprint2_forest_area_1,
          sprint2_light_combat_area_1, sprint2_behind_water_1,
          sprint2_near_end_vault_1]

Skill      XL: |  1  2  3  4  5  6  7  8 |
---------------+-------------------------+-----
Fighting       | 6 8 9 10 12 13 14 | 14.5
Long Blades    | 6 8 9 10 12 14 15 | 15.0
Armour         | 3 4 5 6 7 |  7.3
Dodging        | 3 4 5 6 7 |  7.4

Action                   |  1- 3 |  4- 6 |  7- 9 || total
-------------------------+-------+-------+-------++-------
Melee: Falchion          |     7 |    21 |    73 ||   101
       Punch             |     1 |       |     1 ||     2
       Headbutt          |       |     4 |    16 ||    20
Invok: Berserk           |     1 |     1 |     3 ||     5
Armor: Animal skin       |       |     1 |       ||     1
       Scale mail        |       |       |     3 ||     3
Dodge: Dodged            |     1 |    10 |    19 ||    30
